 Dungeon Crawl Stone Soup version 0.30.1-4-g462c640d31 (webtiles) character file.

Game seed: 5496018017929314415

3154 Babbit the Cleaver (level 9, -1/79 HPs)
             Began as a Minotaur Fighter on Sept 6, 2023.
             Was a Priest of Okawaru.
             Slain by Maggie
             ... wielding a +0 broad axe
              (8 damage)
             ... on level 8 of the Dungeon on Sept 7, 2023.
             The game lasted 00:31:27 (6103 turns).

Babbit the Cleaver (Minotaur Fighter)               Turns: 6103, Time: 00:31:28

Health: -1/79      AC:  9    Str: 31    XL:     9   Next: 62%
Magic:  8/8        EV: 11    Int:  5    God:    Okawaru [***...]
Gold:   425        SH:  6    Dex: 10    Spells: 8/8 levels left

rFire   . . .        t - +4 hand axe (heavy)
rCold   . . .        c - +1 buckler
rNeg    . . .        b - +0 scale mail
rPois   .            (helmet restricted)
rElec   .            A - +0 cloak
rCorr   .            (no gloves)
SInv    +            (no boots)
Will    .....        (no amulet) Stlth
                     h - ring of see invisible
HPRegen 0.33/turn    k - +6 ring of strength
MPRegen 0.11/turn

%: no passive effects
@: mighty, mesmerised
A: horns 2, retaliatory headbutt
a: Renounce Religion, Heroism


You were on level 8 of the Dungeon.
You worshipped Okawaru.
Okawaru was most pleased with you.
You visited 2 branches of the dungeon, and saw 9 of its levels.

You collected 548 gold pieces.
You spent 123 gold pieces at shops.

Inventory:

Hand Weapons
 t - a +4 heavy hand axe (weapon)
Armour
 b - a +0 scale mail (worn)
 c - a +1 buckler (worn)
 v - a scarf of invisibility
 A - a +0 cloak (worn)
Jewellery
 h - a ring of see invisible (left hand)
 k - a +6 ring of strength (right hand)
Wands
 q - a wand of polymorph (9)
 w - a wand of light (7)
 x - a wand of paralysis (19) (quivered)
Scrolls
 i - 2 scrolls of teleportation
 j - 2 scrolls of enchant weapon
 n - a scroll of fog {unknown}
 o - a scroll of magic mapping {unknown}
 p - a scroll of enchant armour
 u - 2 scrolls of blinking {unknown}
 y - a scroll of poison {unknown}
Potions
 a - a potion of brilliance {unknown}
 d - 2 potions of might
 e - a potion of berserk rage
 f - 8 potions of curing
 g - 3 potions of lignification
 l - a potion of resistance {unknown}
 m - a potion of magic {unknown}
 r - 2 potions of attraction
 s - a potion of haste {unknown}
 z - a potion of ambrosia {unknown}


   Skills:
 + Level 7.0 Fighting
 + Level 10.3 Axes
 + Level 9.3 Armour
 + Level 4.0 Dodging
 + Level 1.3 Stealth
 + Level 6.2 Shields
 + Level 0.4 Evocations


You had 8 spell levels left.
You didn't know any spells.
Your spell library contained the following spells:

 Spells                   Type           Power      Damage    Failure   Level
 Sublimation of Blood     Necr           0%         N/A       86%         2
 Wereblood                Tmut           0%         N/A       86%         2
 Summon Hydra             Summ           Unusable   N/A       N/A         7

Dungeon Overview and Level Annotations

Branches:
Dungeon (8/15)             Temple (1/1) D:6
   Lair: D:8-11

Altars:
Ashenzari
Cheibriados
Dithmenos
Elyvilon
Fedhas
Gozag
Hepliaklqana
Kikubaaqudgha
Makhleb
Nemelex Xobeh
Okawaru
Ru
Sif Muna
Trog
Uskayaw
Vehumet
Wu Jian
Xom
Yredelemnul
Zin
The Shining One

Shops:
D:2 :   D:5 ?*:

Annotations:
D:8 Maggie


Innate Abilities, Weirdness & Mutations

You have a pair of horns on your head.
You reflexively headbutt those who attack you in melee.


Message History

You break out of your daze!
The sky beast hits you but does no damage.
You hit the sky beast. Your headbutt misses the sky beast.
The sky beast is heavily wounded.
The sky beast misses you.
The sky beast flickers out of sight for a moment.
The sky beast hits you but does no damage.
You slash the sky beast!
The sky beast is almost dead.
The sky beast misses you.
You hit the sky beast.
You kill the sky beast!
Okawaru accepts your kill.
Okawaru will now gift you throwing weapons as you gain piety.
You completely miss Maggie.
The centaur shoots an arrow.
You block the arrow.
Maggie mumbles some strange words.
Maggie attempts to bespell you! You resist with almost no effort.
Your Fighting skill increases to level 7!
You barely miss Maggie. Maggie hits you with a +0 broad axe!
You hit Maggie. Your headbutt misses Maggie.
Maggie is lightly wounded.
Maggie casts a spell at you. The bolt of fire hits you!
You closely miss Maggie. Your headbutt misses Maggie.
Maggie is lightly wounded.
Maggie hits you with a +0 broad axe!
You feel very mighty all of a sudden. Maggie hits you with a +0 broad axe!
* * * LOW HITPOINT WARNING * * *
You slice Maggie!!
Maggie is moderately wounded.
Maggie hits you with a +0 broad axe!
* * * LOW HITPOINT WARNING * * *
Maggie mumbles some strange words.
Maggie attempts to bespell you!
You are mesmerised by Maggie!
You slice Maggie!! Your headbutt misses Maggie.
Maggie is almost dead.
Maggie hits you with a +0 broad axe!
You die...

..........##.# #.#.#.#.#
#####...#.##.###.#.....#
#..........#.#######
#.#.#..#.###.......# #
#......#.# ##.......
#.#...#.##.####.......
#.#.###.##......#####.
##.#.##..#############.
#...c@@>.............'.
#....#################∩
#.........# #.
##.#.#.##.# #. #.#.....
#. #.....#..# #.
....###.... #. ....+
...# ## .....# ..#


You could see Maggie (mesmerising) and a centaur.

Vanquished Creatures
  A cyclops (D:6)
  3 water moccasins
  Duvessa (D:7)
  2 sky beasts
  3 black bears
  4 ogres
  A phantom (D:6)
  2 centaurs (D:6)
  A gnoll sergeant (D:7)
  A scorpion (D:5)
  3 bullfrogs
  4 wights (D:7)
  Dowan (D:7)
  A howler monkey (D:5)
  A vampire bat (D:4)
  A jelly (D:6)
  2 orc priests
  5 hounds
  An iguana (D:4)
  An orc wizard (D:3)
  8 gnolls
  11 adders
  3 shadow imps
  4 white imps
  An ufetubus (D:6)
  A worm (D:3)
  7 dart slugs
  3 fire bats (D:4)
  20 orcs
  2 spectral bats (D:4)
  3 bat skeletons (D:4)
  A bat zombie (D:4)
  5 endoplasms
  2 giant cockroaches
  8 goblins
  3 hobgoblins
  6 kobolds
  4 quokkas
  2 ball pythons
  16 bats
  A bat simulacrum (D:4)
  6 frilled lizards
  A goblin zombie (D:6)
  3 hobgoblin zombies (D:6)
  3 kobold skeletons (D:6)
  A kobold zombie (D:6)
  An orc zombie (D:6)
  2 rats
167 creatures vanquished.

Notes
Turn   | Place    | Note
-------+----------+-------------------------------------------
     0 | D:1      | Babbit the Minotaur Fighter began the quest for the Orb.
     0 | D:1      | Reached XP level 1. HP: 19/19 MP: 0/0
   304 | D:1      | Reached XP level 2. HP: 27/27 MP: 1/1
   866 | D:1      | Reached XP level 3. HP: 33/33 MP: 2/2
   875 | D:2      | Reached skill level 3 in Axes
  1118 | D:2      | Found a faded altar of an unknown god.
  1122 | D:2      | Reached XP level 4. HP: 40/40 MP: 3/3
  1212 | D:2      | Found Baphipai's Book Boutique.
  1449 | D:3      | Reached skill level 1 in Dodging
  1592 | D:3      | Found a radiant altar of Vehumet.
  1603 | D:3      | Reached XP level 5. HP: 23/46 MP: 4/4
  1779 | D:3      | Found a hazy altar of Hepliaklqana.
  1779 | D:3      | Found a sacrificial altar of Ru.
  2075 | D:4      | Reached skill level 4 in Axes
  2077 | D:4      | Reached skill level 5 in Armour
  2083 | D:4      | Noticed an ogre
  2094 | D:4      | Killed an ogre
  2095 | D:4      | Reached skill level 5 in Axes
  2095 | D:4      | Reached XP level 6. HP: 31/53 MP: 5/5
  2308 | D:4      | Found a shimmering blue altar of Sif Muna.
  2590 | D:4      | Reached skill level 6 in Axes
  2720 | D:5      | Entered Level 5 of the Dungeon
  2720 | D:5      | Found Iryqisin's Book Emporium.
  2749 | D:5      | Reached XP level 7. HP: 52/60 MP: 6/6
  2913 | D:5      | Found Zeokh's Magic Scroll Shoppe.
  2921 | D:5      | Bought a scroll of brand weapon for 123 gold pieces
  2949 | D:5      | Reached skill level 5 in Fighting
  3001 | D:5      | Reached skill level 7 in Axes
  3055 | D:5      | Reached skill level 5 in Shields
  3095 | D:5      | Found Cephiomo's General Store.
  3667 | D:6      | Found a staircase to the Ecumenical Temple.
  3675 | Temple   | Entered the Ecumenical Temple
  3775 | Temple   | Became a worshipper of Warmaster Okawaru
  4040 | D:6      | Reached XP level 8. HP: 51/69 MP: 7/7
  4106 | D:6      | Noticed a cyclops
  4111 | D:6      | Killed a cyclops
  4112 | D:6      | Reached skill level 8 in Axes
  4112 | D:6      | Reached skill level 1 in Stealth
  4245 | D:6      | Reached * piety under Okawaru
  4284 | D:6      | Found a glowing golden altar of the Shining One.
  4647 | D:6      | Reached XP level 9. HP: 58/75 MP: 8/8
  5033 | D:7      | Reached skill level 9 in Axes
  5102 | D:7      | Reached ** piety under Okawaru
  5490 | D:7      | Noticed Dowan
  5491 | D:7      | Noticed Duvessa
  5498 | D:7      | Killed Duvessa
  5500 | D:7      | Killed Dowan
  5939 | D:8      | Reached skill level 10 in Axes
  6087 | D:8      | Noticed Maggie
  6096 | D:8      | Reached *** piety under Okawaru
  6103 | D:8      | Slain by Maggie

Illustrated notes

Levels and vault maps discovered:
D:1:      sevenhm_arrival_forest_fort_small_3, layout_basic, serial_bayou_pond_a
D:2:      layout_loops_cross, hellmonk_ecumenical_altar_arch_garden,
          serial_shops, shop_coins
D:3:      layout_rooms, vehumet_crystals, mainiacjoe_overflow_catwalk_spiral
D:4:      layout_basic, led_sif_pool, goddamned_bats
D:5:      layout_loops_cross, serial_shops, nicolae_shop_tiny_glass,
          nicolae_shop_crystal, nicolae_shop_hallway_plus,
          dreamdust_princess_bridge, abandoned_shop
D:6:      layout_loops_ring, nicolae_tso_besieged_by_evil,
          minmay_temple_entry_statues_pillars
D:7:      layout_gridville, grunt_ministairs_4, uniq_duvessa
D:8:      layout_basic, lemuel_doored_altar, abandoned_shop,
          minmay_misc_feat_ornament, nicolae_shop_self_help, uniq_maggie,
          uniq_prince_ribbit1, uniq_psyche
Temple:   minmay_temple_bridge_d

Skill      XL: |  1  2  3  4  5  6  7  8  9 |
---------------+----------------------------+-----
Armour         | 4 5 6 8 9 |  9.3
Shields        | 4 5 6 |  6.2
Axes           | 3 5 6 7 8 10 | 10.3
Fighting       | 4 5 6 7 |  7.0
Dodging        | 1 2 3 4 |  4.0
Stealth        | 1 |  1.3
Evocations     | |  0.4

Action                     |  1- 3 |  4- 6 |  7- 9 || total
---------------------------+-------+-------+-------++-------
  Melee: War axe           |    53 |    69 |       ||   122
         Headbutt          |     6 |    10 |    20 ||    36
         Hand axe          |       |    48 |   144 ||   192
  Evoke: Wand              |       |       |     2 ||     2
    Use: Scroll            |     2 |     2 |     6 ||    10
         Potion            |       |       |     3 ||     3
 Armour: Scale mail        |    29 |    69 |    50 ||   148
  Dodge: Dodged            |    30 |    61 |    89 ||   180
  Block: Buckler           |     9 |    28 |    30 ||    67
